 Dungeon Crawl Stone Soup version 0.25-a0-292-gaa31f046c4 (webtiles) character file.

Game seed: 13649094989978228909, levelgen mode: deterministic

58 floatRand the Insei (level 3, -1/29 HPs)
             Began as a Demonspawn Monk on Dec 15, 2019.
             Slain by an adder (5 damage)
             ... on level 2 of the Dungeon.
             The game lasted 00:01:10 (1750 turns).

floatRand the Insei (Demonspawn Monk)               Turns: 1750, Time: 00:01:11

Health: -1/29      AC:  4    Str: 12    XL:     3   Next: 76%
Magic:  3/3        EV: 13    Int: 11    God:
Gold:   47         SH:  0    Dex: 15    Spells: 2/2 levels left

rFire    . . .     SeeInvis .     - Unarmed
rCold    . . .     Gourm    .   (no shield)
rNeg     . . .     Faith    .   a - +0 robe
rPois    .         Spirit   .   (no helmet)
rElec    .         Reflect  .   (no cloak)
rCorr    .         Harm     .   (no gloves)
MR       .....                  (no boots)
Stlth    ++........             (no amulet)
HPRegen  0.09/turn              (no ring)
MPRegen  0.08/turn              (no ring)

@: lethally poisoned (-1 -> -11)
A: slimy green scales 1
a: no special abilities


You were on level 2 of the Dungeon.
You were not hungry.

You visited 1 branch of the dungeon, and saw 2 of its levels.

You collected 47 gold pieces.

Inventory:

Armour
 a - a +0 robe (worn)
Scrolls
 c - a scroll of fear {unknown}
 d - a scroll of enchant armour {unknown}
 e - a scroll of immolation {unknown}
 f - 2 scrolls of teleportation {unknown}
 h - a scroll of enchant weapon {unknown}
Comestibles
 b - 4 rations


   Skills:
 - Level 3.0 Fighting
 - Level 2.6 Dodging
 - Level 1.7 Stealth
 + Level 4.3 Unarmed Combat


You had 2 spell levels left.
You didn't know any spells.
Your spell library was empty.

Dungeon Overview and Level Annotations

Branches:
Dungeon (2/15)

Altars:
Ru


Innate Abilities, Weirdness & Mutations

You are partially covered in slimy green scales. (AC +2)


Message History

The hobgoblin hits you but does no damage.
You hit the adder.
The adder is moderately wounded.
You feel sick. The adder bites you.
You are lethally poisoned!
The adder poisons you! The hobgoblin hits you with a +0 club.
* * * LOW HITPOINT WARNING * * *
You are too injured to fight recklessly!
You are too injured to fight recklessly!
You are too injured to fight recklessly!
You are too injured to fight recklessly!
You are too injured to fight recklessly!
You are too injured to fight recklessly!
You are too injured to fight recklessly!
You are too injured to fight recklessly!
Unknown command.
The adder bites you but does no damage. The kobold barely misses you.
A goblin comes into view. It is wielding a +0 club.
The hobgoblin misses you. The adder bites you.
You die...

...._.......#
..##
#.#...#.#.###
.## #.##.##.#.#
#.......#.#
#.####.####.#
#.....?.†...#
######%######
##S.g...#
#.K@#.......
#.....##.###...
......... .# ..
.%..........
g.........###
..........#
........).#
).........#


You could see an adder, a hobgoblin, a goblin (wandering) and a kobold.

Vanquished Creatures
  2 adders (D:2)
  An ooze (D:1)
  A worm (D:2)
  A dart slug (D:1)
  A giant cockroach (D:1)
  2 goblins (D:1)
  5 hobgoblins
  3 jackals (D:1)
  3 kobolds
  7 bats
  A frilled lizard (D:1)
  2 rats (D:1)
29 creatures vanquished.

Notes
Turn   | Place    | Note
-------+----------+-------------------------------------------
     0 | D:1      | floatRand the Demonspawn Monk began the quest for the Orb.
     0 | D:1      | Reached XP level 1. HP: 18/18 MP: 1/1
    17 | D:1      | Reached skill level 3 in Unarmed Combat
   224 | D:1      | Gained mutation: You are partially covered in slimy green
                  | scales. (AC +2) [demonic ancestry]
   224 | D:1      | Reached XP level 2. HP: 19/24 MP: 2/2
  1226 | D:1      | Reached XP level 3. HP: 26/29 MP: 3/3
  1504 | D:2      | Reached skill level 4 in Unarmed Combat
  1624 | D:2      | Found a sacrificial altar of Ru.
  1750 | D:2      | Slain by an adder

Levels and vault maps discovered:
D:1:      doesnt_arrival_eight_statues, layout_basic, minmay_heptomino_l4
D:2:      layout_rooms, lemuel_doored_altar, nicolae_ru_sacrificial_ziggurat

Skill      XL: |  1  2  3 |
---------------+----------+-----
Unarmed Combat | 3 4 |  4.3
Fighting       | |  3.0
Dodging        | |  2.6
Stealth        | |  1.7

Action                   || total
-------------------------++-------
Melee: Unarmed           ||   160
       Punch             ||     2
 Stab: Sleeping          ||     5
  Eat: Chunk             ||     3
Armor: Robe              ||    63
Dodge: Dodged            ||   150

Table legend:
 A = Non-vault XP
 B = Vault XP
 C = Vault XP percentage of total XP
 D = Non-vault monster count
 E = Vault monster count
 F = Vault count percentage of total count
                 A         B        C        D         E       F
            +---------+---------+-------+---------+---------+-------
      Total |      80 |       4 |   4.8 |      27 |       2 |   6.9
            +---------+---------+-------+---------+---------+-------
        D:1 |      41 |       4 |   8.9 |      20 |       2 |   9.1
        D:2 |      39 |       0 |   0.0 |       7 |       0 |   0.0
            +---------+---------+-------+---------+---------+-------
